Map: Primeval Wilds

Players

Isaac

  • Race: Protoss Protoss
  • Spawn Location: 3:00

RYANNN

  • Race: Protoss Protoss
  • League: Bronze
  • Spawn Location: 12:00

Infamous

  • Race: Protoss Protoss
  • Spawn Location: 12:00

matrex

  • Race: Zerg Zerg
  • Spawn Location: 9:00

SacredSelf

  • Race: Terran Terran
  • League: Gold
  • Spawn Location: 7:00

micro

  • Race: Terran Terran
  • Spawn Location: 5:00

Ekyidag

  • Race: Protoss Protoss
  • Spawn Location: 6:00

Lennon

  • Race: Protoss Protoss
  • Spawn Location: 6:00

VOD

Have the link to the VOD?

Description

Time

  • Played on: Jan. 24, 2018, 2:30 p.m.
  • Length: 4:54
Show
View Real Time Build Order
Export as new Build Order

Isaac Protoss 

Build Orders: Double Forge 

Get SALT Encoding   

  12  0:04  Probe (Chrono Boost)  
  13  0:15  Probe (Chrono Boost)  
  14  0:22  Probe  
  14  0:28  Pylon  
  15  0:46  Probe  
  16  0:52  Forge  
  16  0:58  Probe (Chrono Boost)  
  17  1:10  Probe (Chrono Boost)  
  18  1:15  Probe (Chrono Boost)  
  19  1:24  Probe  
  20  1:33  Pylon  
  19  2:11  Photon Cannon  
  19  2:44  Photon Cannon  
  19  2:47  Assimilator  
  19  2:52  Nexus  
  19  2:53  Assimilator  
  19  2:55  Gateway  
  19  3:03  Photon Cannon  
  19  3:36  Photon Cannon  
  19  3:53  Photon Cannon  
  19  3:56  Photon Cannon  
  19  4:00  Forge  
  19  4:09  Pylon  
  19  4:18  Probe (Chrono Boost)  
  20  4:26  Pylon  
  20  4:28  Probe (Chrono Boost)  
  21  4:33  Probe (Chrono Boost)  
  21  4:35  Pylon  
  22  4:43  Probe (Chrono Boost)  
  24  4:51  Assimilator  
Show
View Real Time Build Order
Export as new Build Order

RYANNN Protoss 

Build Orders: 1 Gate Expand 

Get SALT Encoding   

  12  0:03  Probe  
  13  0:15  Probe  
  14  0:24  Pylon  
  14  0:30  Assimilator  
  14  0:35  Assimilator  
  14  0:41  Probe  
  15  0:53  Probe, Gateway  
  16  1:05  Probe  
  17  1:17  Probe  
  18  1:35  Nexus  
  18  1:38  Assimilator  
  18  2:36  Cybernetics Core  
  18  2:45  Probe  
  19  2:51  Probe  
  19  2:57  Probe  
  21  2:58  Assimilator  
  21  3:03  Probe  
  22  3:09  Probe  
  23  3:16  Probe  
  24  3:21  Probe  
  24  3:26  Pylon  
  25  3:28  Probe  
  25  3:34  Probe  
  27  3:40  Probe  
  28  3:49  Stargate x2  
  28  3:55  Probe  
  29  3:58  Probe  
  30  4:07  Probe  
  31  4:10  Probe  
  32  4:19  Probe  
  32  4:22  Probe  
Show
View Real Time Build Order
Export as new Build Order

Infamous Protoss 

Build Orders:  

Get SALT Encoding   

  12  0:04  Probe  
  13  0:15  Pylon  
  13  0:26  Probe (Chrono Boost)  
  14  0:34  Gateway  
  14  0:39  Probe (Chrono Boost)  
  15  0:47  Probe (Chrono Boost)  
  16  0:52  Assimilator  
  16  1:01  Pylon  
  16  1:09  Probe (Chrono Boost)  
  17  1:27  Cybernetics Core  
  17  1:29  Zealot  
  19  1:36  Probe  
  20  1:42  Assimilator  
  20  1:50  Probe  
  21  2:02  Probe  
  21  2:04  Pylon  
  21  2:07  Warp Gate (Chrono Boost)  
  22  2:14  Probe  
  22  2:15  Stalker  
  25  2:40  Gateway x2  
  25  2:43  Probe, Gateway  
  26  2:51  Stalker  
  28  2:59  Probe  
  29  3:06  Pylon  
  25  3:56  Probe  
  25  4:01  Pylon  
  25  4:02  Stalker x2  
  30  4:03  Stalker x2  
  25  4:34  Stalker x2  
  25  4:35  Stalker x2  
Show
View Real Time Build Order
Export as new Build Order

matrex Zerg 

Build Orders: 3 Hatch before Pool 

Get SALT Encoding   

  12  0:46  Hatchery  
  11  1:14  Drone x2  
  11  1:16  Drone  
  14  1:25  Hatchery  
  13  2:03  Drone  
  14  2:16  Spawning Pool  
  13  2:43  Hatchery  
  12  2:47  Drone x3  
  15  2:55  Drone x2  
  17  3:00  Drone  
  17  3:01  Drone x2  
  20  3:24  Roach Warren  
  19  3:28  Zergling x2  
  19  3:29  Zergling x2  
  19  3:30  Zergling x2  
  22  3:53  Zergling x2  
  22  3:54  Zergling x2  
  24  4:04  Drone x2  
  24  4:07  Overlord  
  24  4:09  Overlord x3  
  26  4:15  Extractor  
  26  4:16  Extractor  
Show
View Real Time Build Order
Export as new Build Order

SacredSelf Terran 

Build Orders:  

Get SALT Encoding   

  12  0:01  SCV  
  13  0:13  SCV  
  14  0:25  Supply Depot, SCV  
  15  0:46  Refinery  
  15  0:47  SCV  
  16  0:50  Barracks  
  16  0:59  SCV  
  17  1:11  SCV  
  18  1:21  Barracks  
  18  1:23  SCV  
  19  1:35  SCV  
  20  1:40  Supply Depot  
  20  1:41  Marine  
  21  1:51  Orbital Command  
  21  2:02  Marine  
  22  2:08  Supply Depot  
  22  2:10  Barracks Reactor  
  22  2:17  SCV, Refinery  
  22  2:22  Barracks Tech Lab  
  24  2:30  SCV  
  24  2:31  Barracks  
  24  2:43  Marine  
  25  2:48  Factory, SCV  
  26  2:51  Marine x2  
  28  3:02  Marauder  
  30  3:08  SCV  
  30  3:11  Marine x2  
  33  3:21  Barracks Reactor  
  33  3:22  SCV  
  33  3:23  Marine  
  35  3:27  Supply Depot  
  35  3:31  Marine x2  
  37  3:40  Supply Depot  
  37  3:44  SCV  
  37  3:45  Marine  
  39  3:49  Marine  
  40  4:00  Marine  
  40  4:01  Marine x2  
  43  4:04  Marauder  
  43  4:07  Marine  
  46  4:18  Marine  
  46  4:23  Marine x2  
  48  4:24  Marine  
  48  4:25  Marauder  
  48  4:27  Supply Depot  
Show
View Real Time Build Order
Export as new Build Order

micro Terran 

Build Orders:  

Get SALT Encoding   

  12  0:01  SCV  
  13  0:13  SCV  
  14  0:19  Supply Depot  
  14  0:26  SCV  
  15  0:41  SCV  
  15  0:42  Barracks  
  16  0:53  SCV  
  17  0:59  Barracks  
  17  1:09  SCV  
  18  1:17  Supply Depot  
  18  1:29  Marine  
  18  1:31  Barracks  
  19  1:53  Marine  
  19  1:54  Marine  
  22  2:09  Orbital Command  
  22  2:11  Marine  
  22  2:17  Marine  
  22  2:19  Supply Depot  
  23  2:29  Marine  
  24  2:37  Marine x2  
  24  2:42  Supply Depot  
  24  2:43  Supply Depot  
  26  2:45  SCV  
  26  2:47  Marine  
  28  2:55  Marine x2  
  30  3:01  SCV  
  30  3:05  Marine  
  32  3:13  Marine x2  
  34  3:22  Marine  
  35  3:31  Marine x2  
  37  3:40  Marine  
  38  3:48  Marine  
  38  3:49  Marine  
  39  3:58  Marine  
  40  4:06  Marine x2  
  42  4:16  Marine  
  42  4:24  Marine x2  
  44  4:34  Marine  
Show
View Real Time Build Order
Export as new Build Order

Ekyidag Protoss 

Build Orders: Cannon Rush 

Get SALT Encoding   

  12  0:01  Probe  
  13  0:13  Probe  
  14  0:18  Pylon  
  14  0:27  Probe  
  15  0:36  Forge  
  15  0:40  Probe (Chrono Boost)  
  17  0:51  Pylon, Probe (Chrono Boost)  
  17  0:55  Probe (Chrono Boost)  
  18  1:14  Pylon  
  18  1:16  Photon Cannon  
  18  1:34  Photon Cannon  
  18  1:36  Photon Cannon  
  18  1:47  Pylon  
  18  2:08  Photon Cannon  
  18  2:10  Photon Cannon  
  17  2:25  Probe  
  18  2:31  Photon Cannon  
  18  3:05  Pylon  
  18  3:17  Pylon  
  17  3:29  Pylon  
  17  3:44  Photon Cannon  
  17  3:45  Photon Cannon  
  17  3:47  Photon Cannon  
  17  3:49  Pylon  
  17  3:54  Pylon  
  17  4:05  Photon Cannon  
  17  4:06  Pylon  
  17  4:13  Photon Cannon  
  17  4:17  Photon Cannon  
  17  4:23  Photon Cannon  
  17  4:25  Photon Cannon  
  17  4:26  Pylon  
  17  4:35  Pylon  
  17  4:44  Pylon  
Show
View Real Time Build Order
Export as new Build Order

Lennon Protoss 

Build Orders:  

Get SALT Encoding   

  12  0:14  Pylon  
  12  0:18  Probe (Chrono Boost)  
  13  0:40  Forge  
  13  0:42  Probe  
  14  0:54  Probe  
  16  1:11  Probe (Chrono Boost)  
  16  1:21  Probe (Chrono Boost)  
  17  1:26  Pylon  
  17  1:57  Pylon  
  17  2:07  Photon Cannon  
  17  2:16  Pylon  
  17  2:35  Pylon  
  17  2:38  Pylon  
  17  2:49  Pylon  
  17  2:57  Pylon  
  17  3:08  Photon Cannon  
  17  3:10  Photon Cannon  
  17  3:12  Photon Cannon  
  17  3:15  Photon Cannon  
  17  3:17  Photon Cannon  
  17  3:24  Pylon  
  17  3:26  Pylon  
  16  3:34  Probe (Chrono Boost)  
  17  3:45  Probe (Chrono Boost)  
  18  3:50  Probe (Chrono Boost)  
  18  3:52  Pylon  
  19  3:59  Photon Cannon  
  19  4:08  Photon Cannon  
  19  4:12  Photon Cannon  
  18  4:41  Photon Cannon  
  18  4:46  Pylon  
Tags
 
Add a new tag
Caveats
  • Supply blocks, unpowered buildings, or Contaminate may cause inaccurate times.
  • Supply counts are checked every 10 seconds.